 Dungeon Crawl Stone Soup version 0.30-a0-719-gcc4359ea44 (console) character file.

Game seed: 13638600548260200289

83262 jejorda2 the Deadly Accurate (level 15, -6/189 HPs)
             Began as a Merfolk Berserker on Jan 26, 2023.
             Was a High Priest of Trog.
             Killed by divine providence
             ... invoked by an orc priest
             ... led by an orc knight
              (14 damage)
             ... on level 2 of the Orcish Mines.
             The game lasted 00:58:48 (21981 turns).

jejorda2 the Deadly Accurate (Merfolk Berserker)   Turns: 21981, Time: 00:58:49

Health: -6/189     AC: 28    Str: 30    XL:     15   Next: 76%
Magic:  15/15      EV: 16    Int:  8    God:    Trog [*****.]
Gold:   808        SH:  0    Dex: 15    Spells: 14/14 levels left

rFire   + . .      SeeInvis .    a - +8 demon trident {flame, rF+ rN+ Will- Dex+2}
rCold   . . .      Faith    +    (no shield)
rNeg    + . .      Spirit   .    i - +2 plate armour {Will+}
rPois   +          Reflect  .    t - +2 helmet
rElec   .          Harm     .    r - +2 cloak
rCorr   .          Rampage  .    e - +2 pair of gloves
Will    +++..                    (boots currently unavailable) Stlth
                                 N - amulet of faith
HPRegen 1.51/turn                j - +6 ring of strength
MPRegen 0.14/turn                K - ring of poison resistance

@: berserking, strong-willed, regenerating, studying Armour, very quick
A: nimble swimmer 2, mertail
a: Renounce Religion, Berserk, Trog's Hand, Brothers in Arms


You were on level 2 of the Orcish Mines.
You worshipped Trog.
Trog was extremely pleased with you.
You visited 3 branches of the dungeon, and saw 22 of its levels.
You also visited: Bailey.

You collected 1425 gold pieces.
You spent 617 gold pieces at shops.

Inventory:

Hand Weapons
 a - the +8 demon trident "Titzais" (weapon) {flame, rF+ rN+ Will- Dex+2}
   (You acquired it on level 6 of the Dungeon)

   Dex:       It affects your dexterity (+2).
   rF:        It protects you from fire.
   rN:        It protects you from negative energy.
   Will:      It decreases your willpower.
 h - a +1 bardiche
 X - a +2 antimagic halberd
Missiles
 b - 52 poisoned darts (quivered)
 o - 137 stones
 y - 15 curare-tipped darts
 C - 28 javelins
 F - 9 boomerangs
 W - 3 silver boomerangs
Armour
 e - a +2 pair of gloves (worn)
 i - a +2 plate armour of willpower (worn)
 n - a +0 chain mail of fire resistance
 r - a +2 cloak (worn)
 t - a +2 helmet (worn)
 P - the +0 pair of boots of the Frog (melded) {rPois}
   (You found it on level 3 of the Lair of Beasts)

   rPois:     It protects you from poison.
Jewellery
 j - a +6 ring of strength (left hand)
 A - a ring of ice
 J - a ring of fire
 K - a ring of poison resistance (right hand)
 M - a ring of flight
 N - an amulet of faith (around neck)
 O - a ring of see invisible
 T - a ring of resist corrosion
 U - a ring of ice
Wands
 k - a wand of paralysis (38)
 u - a wand of digging (7)
 v - a wand of roots (18)
 E - a wand of mindburst (11)
 L - a wand of polymorph (4)
Scrolls
 d - 10 scrolls of teleportation
 q - 3 scrolls of fear
 D - 2 scrolls of poison
 G - a scroll of fog
 Q - a scroll of butterflies
 S - 2 scrolls of magic mapping
 V - a scroll of blinking
Potions
 c - 3 potions of flight
 f - 4 potions of haste
 g - 7 potions of curing
 m - 2 potions of attraction
 p - 4 potions of heal wounds
 s - 3 potions of resistance
 x - 4 potions of lignification
 z - 6 potions of might
 B - 7 potions of ambrosia
 H - 8 potions of mutation
 I - a potion of cancellation
 R - a potion of invisibility
Miscellaneous
 l - a phial of floods
 w - a lightning rod (4/4)


   Skills:
 - Level 14.0 Fighting
 - Level 14.8 Polearms
 + Level 15.5 Throwing
 - Level 12.1 Armour
 - Level 11.4 Dodging
 - Level 7.0 Evocations


You had 14 spell levels left.
You didn't know any spells.
Your spell library was empty.

Dungeon Overview and Level Annotations

Branches:
Dungeon (15/15)            Temple (0/1) D:7            Lair (5/5) D:10
  Swamp (0/4) Lair:2        Snake (0/4) Lair:2        Slime (0/5) Lair:5
    Orc (2/2) D:12            Elf (0/3) Orc:2        Vaults (0/5) D:14
 Depths (0/4) D:15         Bailey (visited)

Altars:
Elyvilon
Gozag
Okawaru
Qazlal
Trog
Uskayaw
The Shining One
Jiyva

Shops:
D:1 [   D:3 *   D:4 [   Orc:1 =   Orc:2 =(:

Annotations:
D:10 1 runed translucent door, sirJeffrey23's ghost, journeyman HOFi
Lair:5 1 runed translucent door


Innate Abilities, Weirdness & Mutations

You are very nimble when in or above water. (Stealth+, EV+, Speed+++)
Your lower body shifts to a powerful aquatic tail in water.


Message History

The orc shoots a bolt.
The bolt hits you.
* * * LOW HITPOINT WARNING * * *
Reach: a) +8 demon trident {flame, rF+ rN+ Will- Dex+2}
Press: ? - help, Dir - move target, f - orc warrior
Aim: an orc warrior, wielding a +0 scimitar and wearing a +0 plate armour (strong, about 24% to evade the +8 demon trident "Titzais")
You reach to attack!
You puncture the orc warrior! You burn the orc warrior.
The orc warrior is heavily wounded.
Reach: a) +8 demon trident {flame, rF+ rN+ Will- Dex+2}
Press: ? - help, Dir - move target, f/p - orc warrior
Aim: an orc warrior, wielding a +0 scimitar and wearing a +0 plate armour (heavily wounded, strong, about 24% to evade the +8 demon trident "Titzais")
You reach to attack!
You impale the orc warrior!! You burn the orc warrior.
You kill the orc warrior!
Trog accepts your kill.
An orc wizard comes into view. It is wielding a +0 dagger.
The orc warrior hits you but does no damage.
An orc warrior comes into view. It is wielding a +0 arbalest.
Reach: a) +8 demon trident {flame, rF+ rN+ Will- Dex+2}
Press: ? - help, Dir - move target, f - orc
Aim: an orc, wielding a +0 hand axe (strong, about 24% to evade the +8 demon trident "Titzais")
The orc wizard shouts!
You puncture the orc! You burn the orc.
You kill the orc!
Trog accepts your kill.
The centaur wields a +0 shortbow.
The centaur shoots an arrow.
The arrow barely misses you.
Reach: a) +8 demon trident {flame, rF+ rN+ Will- Dex+2}
Press: ? - help, Dir - move target, f - orc warrior
Aim: an orc warrior, wielding a +0 halberd and wearing a +0 plate armour (moderately wounded, strong, about 24% to evade the +8 demon trident "Titzais")
You reach to attack!
You puncture the orc warrior! You burn the orc warrior.
The orc warrior is severely wounded.
Reach: a) +8 demon trident {flame, rF+ rN+ Will- Dex+2}
Press: ? - help, Dir - move target, f/p - orc warrior
Aim: an orc warrior, wielding a +0 halberd and wearing a +0 plate armour (severely wounded, strong, about 24% to evade the +8 demon trident "Titzais")
You reach to attack!
You impale the orc warrior!! You burn the orc warrior.
You feel the power of Trog in you as your rage grows.
You kill the orc warrior!
Trog accepts your kill.
The orc priest invokes the aid of Beogh against you.
Beogh smites you!
You die...

..#.....
≈....○°°...#
...#.... ≈°.○☼.☼.☼..
....... ≈☼°c...°☼.☼
.....# #∩ ≈≈°°°°.○..
...####°≈≈≈..°..
.○.o.o)...)○°°°.
ooooo.oo)o....☼°
##°@°○°○☼°○
###○○≈°)☼○°°. ≈
##○☼○°)○..°°○. .≈
#≈≈≈.o..°.°○.○ ..≈
#°°°..°...○..#
#...###.o.##.○##.°##
........○o.°.....○..
.......°.o.○..○.....
.................


You could see 8 orc warriors, a centaur, 2 orc priests, an orc wizard (strong)
and 2 orcs.

Vanquished Creatures
  Rupert (Lair:5)
  The ghost of Pooter the Severer, a journeyman MiBe of Trog (Lair:3)
  A dire elephant (D:15)
  Snorg (Orc:2)
  Josephine (D:10)
  A yaktaur captain (D:14)
  Fannar (D:10)
  7 hydras
  A catoblepas (Lair:5)
  An ogre mage (D:13)
  3 boulder beetles
  5 two-headed ogres
  5 centaur warriors
  A deep troll shaman (Lair:5)
  3 tengu warriors
  5 death yaks (Lair:5)
  Amaemon (Lair:2)
  The ghost of flotson the Trooper, a novice DsDe (D:7)
  11 skeletal warriors
  Pikel (D:7)
  5 orc knights
  A steelbarb worm (shapeshifter) (D:15)
  An orc sorcerer (D:15)
  A wolf spider (D:15)
  3 ugly things
  A deep elf pyromancer (D:13)
  3 manticores
  9 elephants
  A cyclops (D:14)
  A moth of wrath (Lair:3)
  Maurice (D:12)
  3 black mambas
  9 cane toads
  2 molten gargoyles (Lair:3)
  An orange demon (Lair:2)
  4 torpor snails
  A gargoyle (D:8)
  A kobold demonologist (D:13)
  2 unseen horrors (D:11)
  2 yaktaurs (D:14)
  2 rime drakes (Lair:4)
  4 komodo dragons
  A tengu conjurer (D:14)
  A polar bear (Lair:1)
  6 trolls
  5 hornets (D:15)
  15 blink frogs
  7 slime creatures (D:15)
  3 dream sheep (Lair:1)
  10 wraiths
  55 yaks
  3 vampires
  A wyvern (Lair:3)
  2 fire elementals (Lair:3)
  A hog (shapeshifter) (D:15)
  4 basilisks
  A steam dragon (D:7)
  10 vampire mosquitoes
  3 wargs
  Menkaure (D:6)
  An acid dragon (D:10)
  17 water moccasins
  30 orc warriors
  3 black bears
  4 ice beasts (D:7)
  A sky beast (D:7)
  5 ogres
  10 wolves
  19 centaurs
  3 lemures (D:7)
  A phantom (D:5)
  7 kobold brigands
  A gnoll sergeant (D:10)
  11 bullfrogs
  2 necrophages
  3 scorpions
  11 wights
  17 killer bees
  5 electric eels
  9 howler monkeys
  A lava snake (Lair:3)
  4 jellies
  2 gnoll boudas
  2 hounds (D:5)
  5 orc priests
  2 iguanas
  14 orc wizards
  A centaur simulacrum (D:7)
  18 gnolls
  3 adders
  3 shadow imps
  7 white imps
  2 ufetubi (D:4)
  2 worms
  2 dart slugs
  68 orcs
  3 endoplasms
  2 giant cockroaches (D:3)
  9 goblins
  6 hobgoblins
  5 jackals
  30 kobolds
  4 quokkas
  7 ball pythons
  3 bats
  3 frilled lizards
  4 rats
611 creatures vanquished.

Vanquished Creatures (collateral kills)
  A rakshasa (D:14)
  A basilisk (D:14)
2 creatures vanquished.

Vanquished Creatures (others)
  3 orc warriors (Orc:2)
  2 centaurs (Orc:2)
  An orc (D:7)
  9 fungi
  45 plants
60 creatures vanquished.

Grand Total: 673 creatures vanquished

Notes
Turn   | Place    | Note
-------+----------+-------------------------------------------
     0 | D:1      | jejorda2 the Merfolk Berserker began the quest for the Orb.
     0 | D:1      | Reached XP level 1. HP: 18/18 MP: 1/1
    84 | D:1      | Reached XP level 2. HP: 21/24 MP: 2/2
   381 | D:1      | Found Alougief's Antique Armour Shop.
   698 | D:2      | Found an opulent altar of Gozag.
  1030 | D:2      | Reached XP level 3. HP: 24/29 MP: 3/3
  1141 | D:3      | Reached skill level 5 in Polearms
  1226 | D:3      | Found Roannuim's General Store.
  1263 | D:3      | Bought 4 poisoned darts for 31 gold pieces
  1342 | D:3      | Reached ** piety under Trog
  1351 | D:3      | Reached XP level 4. HP: 37/37 MP: 4/4
  1494 | D:3      | Found an iron altar of Okawaru.
  1496 | D:3      | Found a stormy altar of Qazlal.
  1736 | D:3      | Found a white marble altar of Elyvilon.
  1874 | D:4      | Noticed an ogre
  1878 | D:4      | Killed an ogre
  1879 | D:4      | Reached XP level 5. HP: 43/43 MP: 5/5
  2072 | D:4      | Reached XP level 6. HP: 49/49 MP: 4/6
  2381 | D:4      | Reached skill level 5 in Dodging
  2449 | D:4      | Noticed a water moccasin
  2456 | D:4      | Killed a water moccasin
  2457 | D:4      | Reached skill level 5 in Fighting
  2457 | D:4      | Reached XP level 7. HP: 56/56 MP: 5/7
  2528 | D:4      | Found Zemuoj's Armour Emporium.
  2907 | D:5      | Entered Level 5 of the Dungeon
  3069 | D:5      | Reached XP level 8. HP: 64/64 MP: 8/8
  3385 | D:5      | Reached *** piety under Trog
  3646 | D:6      | Identified a scroll of acquirement
  3646 | D:6      | Acquired the +8 demon trident "Titzais" {flame, rF+ rN+
                  | Will- Dex+2}
  3696 | D:6      | Reached skill level 10 in Polearms
  4020 | D:6      | Noticed Menkaure
  4022 | D:6      | Killed Menkaure
  4023 | D:6      | Reached XP level 9. HP: 69/69 MP: 9/9
  4128 | D:7      | Noticed flotson's ghost (novice DsDe)
  4149 | D:7      | Found a runed translucent gate.
  4149 | D:7      | Found a runed translucent gate.
  4149 | D:7      | Found a runed translucent gate.
  4207 | D:7      | Noticed Pikel
  4212 | D:7      | Paralysed by Pikel for 2 turns
  4242 | D:7      | Killed Pikel
  4364 | D:7      | Found a staircase to the Ecumenical Temple.
  4463 | D:7      | Found a flagged portal.
  4488 | Bailey   | Entered a bailey
  4607 | Bailey   | Reached skill level 5 in Armour
  4607 | Bailey   | Reached XP level 10. HP: 74/76 MP: 10/10
  4621 | Bailey   | Reached **** piety under Trog
  4669 | Bailey   | Reached skill level 1 in Throwing
  4757 | Bailey   | Reached skill level 2 in Throwing
  4856 | Bailey   | Reached skill level 3 in Throwing
  5690 | D:7      | Killed flotson's ghost
  5758 | D:7      | Reached skill level 4 in Throwing
  5872 | D:8      | Reached ***** piety under Trog
  6175 | D:8      | Found a hide-covered altar of Uskayaw.
  6407 | D:8      | Found a glowing golden altar of the Shining One.
  6549 | D:8      | Reached XP level 11. HP: 80/84 MP: 11/11
  6638 | D:8      | Reached skill level 5 in Throwing
  7489 | D:9      | Noticed a two-headed ogre
  7494 | D:9      | Killed a two-headed ogre
  7495 | D:9      | Reached skill level 6 in Throwing
  7917 | D:10     | Entered Level 10 of the Dungeon
  7917 | D:10     | Noticed a two-headed ogre
  7923 | D:10     | Killed a two-headed ogre
  7981 | D:10     | Noticed Fannar
  8022 | D:10     | Killed Fannar
  8022 | D:10     | Received a gift from Trog
  8023 | D:10     | Reached skill level 7 in Throwing
  8153 | D:10     | Noticed a two-headed ogre
  8165 | D:10     | Killed a two-headed ogre
  8486 | D:10     | Noticed Josephine
  8494 | D:10     | Killed Josephine
  8495 | D:10     | Reached XP level 12. HP: 97/97 MP: 12/12
  8598 | D:10     | Found a staircase to the Lair.
  8792 | D:10     | Found a runed translucent door.
  8793 | D:10     | Noticed sirJeffrey23's ghost (journeyman HOFi)
  8794 | D:10     | Identified the +5 trident of Shrieking Terror {vamp, rF+
                  | Stlth+}
  8950 | D:4      | Bought a +2 plate armour of willpower for 480 gold pieces
  9130 | D:11     | Noticed a two-headed ogre
  9136 | D:11     | Killed a two-headed ogre
  9137 | D:11     | Reached skill level 10 in Fighting
  9137 | D:11     | Reached skill level 8 in Throwing
  9383 | D:11     | Reached skill level 10 in Armour
  9545 | D:11     | Noticed a two-headed ogre
  9549 | D:11     | Killed a two-headed ogre
  9874 | D:4      | Bought a +0 helmet for 54 gold pieces
 10179 | D:12     | Noticed Maurice
 10183 | D:12     | Killed Maurice
 10308 | D:12     | Noticed a boulder beetle
 10353 | D:12     | Killed a boulder beetle
 10354 | D:12     | Reached skill level 9 in Throwing
 10655 | D:12     | Found a staircase to the Orcish Mines.
 10927 | Lair:1   | Entered Level 1 of the Lair of Beasts
 11110 | Lair:1   | Reached XP level 13. HP: 52/106 MP: 13/13
 11272 | Lair:1   | Identified the +1 robe "Juashrusk" {Rampage rC+}
 11658 | Lair:1   | Reached skill level 10 in Throwing
 11989 | D:3      | Bought a scroll of butterflies for 52 gold pieces
 12122 | Lair:2   | Found a staircase to the Snake Pit.
 12234 | Lair:2   | Noticed Amaemon
 12269 | Lair:2   | Killed Amaemon
 12865 | Lair:2   | Found a staircase to the Swamp.
 13173 | Lair:3   | Reached skill level 11 in Throwing
 13238 | Lair:3   | Found a transporter.
 13239 | Lair:3   | Noticed Pooter's ghost (journeyman MiBe)
 13254 | Lair:3   | Found a transporter.
 14348 | Lair:3   | Received a gift from Trog
 14366 | Lair:3   | Killed Pooter's ghost
 14388 | Lair:3   | Identified the +0 pair of boots of the Frog {rPois}
 14940 | Lair:4   | Reached skill level 12 in Throwing
 15002 | Lair:4   | Reached XP level 14. HP: 113/116 MP: 14/14
 15567 | Lair:5   | Entered Level 5 of the Lair of Beasts
 15931 | Lair:5   | Found a runed translucent door.
 15935 | Lair:5   | Received a gift from Trog
 15939 | Lair:5   | Found a viscous altar of Jiyva.
 15942 | Lair:5   | Found a staircase to the Slime Pits.
 15989 | Lair:5   | Reached ****** piety under Trog
 16352 | Lair:5   | Reached skill level 10 in Dodging
 16750 | Lair:5   | Reached skill level 13 in Throwing
 16945 | Lair:5   | Identified the ring of Luados {Wiz rN+}
 17002 | Lair:5   | Noticed Rupert
 17013 | Lair:5   | Killed Rupert
 17842 | D:13     | Reached skill level 1 in Evocations
 18688 | D:14     | Reached XP level 15. HP: 93/126 MP: 15/15
 18806 | D:14     | Found a gate to the Vaults.
 19170 | D:14     | Received a gift from Trog
 19462 | D:15     | Entered Level 15 of the Dungeon
 19544 | D:15     | Reached skill level 14 in Throwing
 19759 | D:14     | Reached skill level 5 in Evocations
 20416 | D:15     | Found a staircase to the Depths.
 21143 | D:15     | Reached skill level 15 in Throwing
 21452 | Orc:1    | Entered Level 1 of the Orcish Mines
 21493 | Orc:1    | Found a bloodstained altar of Trog.
 21587 | Orc:1    | Found Woogg's Jewellery Shoppe.
 21616 | Orc:2    | Entered Level 2 of the Orcish Mines
 21676 | Orc:2    | Noticed Snorg
 21691 | Orc:2    | Killed Snorg
 21691 | Orc:2    | Received a gift from Trog
 21800 | Orc:1    | You fall into a shaft and drop 1 floor!
 21800 | Orc:2    | Found a staircase to the Elven Halls.
 21944 | Orc:2    | Found Xewiwun's Book Emporium.
 21944 | Orc:2    | Found Soufrac's Antique Weapon Boutique.
 21944 | Orc:2    | Found Gicha's Jewellery Shop.
 21976 | Orc:2    | HP: 5/189 [orc/bolt (5)]
 21981 | Orc:2    | Killed from afar by an orc priest

Illustrated notes

Levels and vault maps discovered:
D:1:      dpeg_arrival_boxes_within_box, layout_rooms, serial_shops,
          nicolae_square_shop, minmay_tripent
D:2:      layout_rooms, basic_altar, minmay_misc_feat_square
D:3:      layout_rooms, mainiacjoe_overflow_24_doors, jmf_multi_god_temple,
          serial_shops, nicolae_diamond_shop
D:4:      layout_loops_cross, serial_shops, nicolae_shop_crystal,
          dk_rats_in_the_wall
D:5:      layout_rooms
D:6:      layout_rooms, chequers_mini_garden, uniq_menkaure
D:7:      layout_loops_corners, minmay_temple_entry_junction_2,
          gammafunk_ghost_icy, enter_bailey_5, uniq_pikel
D:8:      layout_loops_corners, mainiacjoe_overflow_paths,
          mainiacjoe_overflow_cross_hatched
D:9:      layout_long_grid
D:10:     layout_rooms, erik_lair_orcish_takeover, ebering_ghost_funeral_grove,
          patterned_corridor, uniq_josephine, uniq_fannar
D:11:     layout_loops_ring
D:12:     layout_basic, erik_orc_2, uniq_maurice
D:13:     layout_irregular_city, minmay_librarian
D:14:     layout_roguey, david_vaults_2, moated_statue
D:15:     hangedman_depths_entry_try_elsewhere_first, layout_irregular_city,
          hangedman_decor_push, dreamdust_wasp_nest
Lair:1:   layout_hall_layers, hangedman_lair_generics_rect
Lair:2:   layout_chaotic_city, swamp_mist_pool, dummy_snake_entry,
          fungi_pond_lemuel, grunt_megastairs_5, serial_bayou_shore_a,
          uniq_amaemon
Lair:3:   layout_gridlike, gammafunk_ghost_berserking_beasts
Lair:4:   layout_regular_city
Lair:5:   grunt_lair_end_beastmaster, layout_cave_pods, slime_entry_2,
          uniq_rupert
Orc:1:    layout_diamond_mine, serial_shops, nicolae_lakefront_shop, shop,
          nicolae_shop_window_shopping, nicolae_shop_crystal, basic_altar
Orc:2:    st_orc_rangers, layout_caves, uniq_snorg, uniq_urug

Skill      XL: |  1  2  3  4  5  6  7  8  9 10 11 12 13 14 15 |
---------------+----------------------------------------------+-----
Dodging        | 3 4 5 6 8 11 | 11.4
Polearms       | 5 6 7 9 11 14 | 14.8
Fighting       | 4 5 6 7 9 11 12 14 | 14.0
Armour         | 3 5 7 9 11 12 | 12.1
Throwing       | 4 7 9 12 13 15 | 15.5
Evocations     | 2 7 |  7.0

Action                     |  1- 3 |  4- 6 |  7- 9 | 10-12 | 13-15 || total
---------------------------+-------+-------+-------+-------+-------++-------
  Melee: Spear             |   124 |    16 |       |       |       ||   140
         Punch             |     1 |       |       |     7 |     9 ||    17
         Halberd           |       |   105 |    82 |       |       ||   187
         Demon trident     |       |       |   130 |   554 |   976 ||  1660
         Tailslap          |       |       |       |     3 |     4 ||     7
  Throw: Dart              |     9 |       |     7 |    17 |   138 ||   171
         Stone             |       |       |       |    30 |       ||    30
         Javelin           |       |       |       |       |    11 ||    11
         Boomerang         |       |       |       |       |     6 ||     6
 Invoke: Berserk           |     1 |     3 |     4 |     6 |    10 ||    24
         Trog's Hand       |       |       |     2 |     6 |     9 ||    17
         Brothers in Arms  |       |       |       |       |     1 ||     1
    Use: Scroll            |       |       |    15 |    16 |     6 ||    37
   Stab: Sleeping          |     1 |       |       |       |       ||     1
 Armour: Animal skin       |     2 |       |       |       |       ||     2
         Ring mail         |    20 |     8 |       |       |       ||    28
         Chain mail        |       |    39 |    78 |    19 |       ||   136
         Plate armour      |       |       |       |   164 |   349 ||   513
  Dodge: Dodged            |    53 |    52 |    77 |   188 |   308 ||   678

Table legend: (Time is in decaauts)
 A = Elapsed time spent in this place.
 B = Non-inter-level travel time spent in this place.
 C = Inter-level travel time spent in this place.
 D = Time resting spent in this place.
 E = Time spent auto-exploring this place.
 F = Levels seen in this place.
 G = Mean time per level.
                   A        B        C        D        E       F      G
               +--------+--------+--------+--------+--------+-----+--------+
         Total |  21471 |  19120 |   2351 |   2356 |  12869 |  23 |  933.5 |
       Dungeon |  14201 |  12392 |   1809 |   1617 |   8329 |  15 |  946.7 |
          Lair |   6258 |   5749 |    509 |    595 |   4146 |   5 | 1251.6 |
  Orcish Mines |    484 |    452 |     32 |     85 |    150 |   2 |  242.0 |
        Bailey |    526 |    526 |      0 |     58 |    243 |   1 |  526.0 |
               +--------+--------+--------+--------+--------+-----+--------+

Top non-repeatable levels by time:
  Lair:5: 1636 daAuts
  Lair:3: 1579 daAuts
     D:7: 1512 daAuts
    D:15: 1468 daAuts
     D:4: 1356 daAuts
    D:14: 1290 daAuts
  Lair:4: 1150 daAuts
     D:8: 1051 daAuts
  Lair:1: 1032 daAuts
    D:10: 1008 daAuts
     D:9: 975 daAuts
  Lair:2: 860 daAuts
     D:3: 855 daAuts
    D:11: 837 daAuts
    D:12: 795 daAuts
